 Dungeon Crawl Stone Soup version 0.31-a0-1620-gcbf77bbcfc (webtiles) character file.

Game seed: 8963422972344866753

207 Ivernyr the Shield-Bearer (level 6, 0/48 HPs)
             Began as a Formicid Fighter on Jan 11, 2024.
             Slain by a gnoll
             ... wielding a +0 spear
              (7 damage)
             ... on level 2 of the Dungeon.
             The game lasted 00:01:49 (1184 turns).

Ivernyr the Shield-Bearer (Formicid Fighter)        Turns: 1184, Time: 00:01:50

Health: 0/48       AC:  8    Str: 22    XL:     6   Next: 10%
Magic:  6/6        EV:  9    Int:  8    God:
Gold:   83         SH:  5    Dex: 13    Spells: 5/5 levels left

rFire   . . .        a - +0 quarterstaff
rCold   . . .        c - +0 buckler
rNeg    . . .        b - +0 scale mail
rPois   .            (helmet unavailable)
rElec   .            (no cloak)
rCorr   .            l - +0 pair of gloves
SInv    +            (no boots)
Will    .....        (no amulet) Stlth
                     (no ring)
HPRegen 0.28/turn    (no ring)
MPRegen 0.10/turn

%: no passive effects
@: no status effects
A: permanent stasis, dig shafts and tunnels, antennae 3, four strong arms
a: Dig, Shaft Self


You were on level 2 of the Dungeon.
You visited 1 branch of the dungeon, and saw 2 of its levels.

You collected 83 gold pieces.

Inventory:

Hand Weapons
 a - a +0 quarterstaff (weapon)
Armour
 b - a +0 scale mail (worn)
 c - a +0 buckler (worn)
 l - a +0 pair of gloves (worn)
Scrolls
 e - 2 scrolls of teleportation {unknown}
 g - 2 scrolls of silence {unknown}
 i - 2 scrolls of amnesia {unknown}
 k - a scroll of vulnerability {unknown}
 m - a scroll of fog {unknown}
 n - 3 scrolls of blinking {unknown}
 o - a scroll of summoning {unknown}
 p - 2 scrolls of identify {unknown}
 q - a scroll of immolation {unknown}
Potions
 d - a potion of might
 f - 2 potions of haste {unknown}
 h - a potion of invisibility {unknown}
 j - a potion of curing {unknown}
 r - a potion of resistance {unknown}


   Skills:
 + Level 4.2 Fighting
 * Level 3.9 Staves
 + Level 4.2 Armour
 + Level 5.1 Shields


You had 5 spell levels left.
You didn't know any spells.
Your spell library was empty.

Dungeon Overview and Level Annotations

Branches:
Dungeon (2/15)

Altars:

Shops:
D:1 [   D:2 ?


Innate Abilities, Weirdness & Mutations

You cannot be hasted, slowed, berserked, paralysed or teleported.
You can dig through walls and to a lower floor.
You have a pair of large antennae on your head. (SInv)
Your four strong arms can wield two-handed weapons with a shield.


Message History

The gnoll closely misses you. The gnoll hits you with a +0 flail.
The quokka barely misses you.
A gnoll comes into view. It is wielding a +0 spear.
The gnoll shouts!
The quokka misses you.
The gnoll hits you from afar with a +0 spear.
The gnoll moves out of view.
You closely miss the quokka. You block the quokka's attack.
You block the gnoll's attack. The quokka closely misses you.
You hit the quokka but do no damage. The gnoll hits you but does no damage.
The quokka bites you but does no damage.
You closely miss the quokka. The quokka bites you.
You block the gnoll's attack.
You sock the quokka!
You kill the quokka!
The gnoll barely misses you.
You closely miss the gnoll.
The gnoll hits you from afar with a +0 spear!
The gnoll hits you but does no damage.
You hit the gnoll but do no damage.
The gnoll hits you from afar with a +0 spear.
The gnoll barely misses you. You block the gnoll's attack. x2
You thump the gnoll!
The gnoll is severely wounded.
The gnoll hits you from afar with a +0 spear.
The gnoll barely misses you.
You sock the gnoll!
You kill the gnoll!
The gnoll barely misses you. The gnoll hits you but does no damage.
You block the gnoll's attack.
Things that are here:
a +0 flail; a quokka corpse You barely miss the gnoll.
You block the gnoll's attack. The gnoll hits you with a +0 spear!
You closely miss the gnoll. The gnoll hits you with a +0 spear.
* * * LOW HITPOINT WARNING * * *
The gnoll hits you from afar with a +0 spear.
* * * LOW HITPOINT WARNING * * *
The gnoll hits you from afar with a +0 spear!
You die...

###.# #......... #.#
####...... ##.#####
...... ##......# .....{
........############
#...............)..####
#.......######.###....#
#.......# #.###.##.##
........# #..@).....#
##......# ##.##g#...#
##......# #..#.g###.#
.....#### #.##.[., #
.....# ## ..⌠$. ##...#
#..?.## ##..# ###..#
##.# #.##


You could see a gnoll.

Vanquished Creatures
  Sigmund (D:2)
  A gnoll (D:2)
  A ribbon worm (D:2)
  3 dart slugs
  A bat (D:2)
  6 endoplasms
  3 giant cockroaches
  3 goblins
  A hobgoblin (D:1)
  2 quokkas
  A frilled lizard (D:1)
  2 kobolds
  7 rats
32 creatures vanquished.

Notes
Turn   | Place    | Note
-------+----------+-------------------------------------------
     0 | D:1      | Ivernyr the Formicid Fighter began the quest for the Orb.
     0 | D:1      | Reached XP level 1. HP: 18/18 MP: 1/1
   109 | D:1      | Found Efraock's Armour Shoppe.
   112 | D:1      | Reached XP level 2. HP: 21/24 MP: 2/2
   606 | D:2      | Reached XP level 3. HP: 29/29 MP: 3/3
   649 | D:2      | Found a faded altar of an unknown god.
   759 | D:2      | Noticed Sigmund
   771 | D:2      | Killed Sigmund
   772 | D:2      | Reached skill level 5 in Shields
   772 | D:2      | Reached XP level 4. HP: 27/37 MP: 4/4
   772 | D:2      | Reached XP level 5. HP: 30/42 MP: 5/5
   868 | D:2      | Found Unasupn's Magic Scroll Boutique.
   892 | D:2      | Reached XP level 6. HP: 48/48 MP: 6/6
  1184 | D:2      | Slain by a gnoll

Illustrated notes

Levels and vault maps discovered:
D:1:      onia_arrival_pyramid, layout_rooms, serial_shops, shop,
          kennysheep_small_spiral, minmay_misc_feat_rows, minivault_25
D:2:      layout_basic, serial_shops, nicolae_shop_rolling_square,
          hellmonk_ecumenical_altar_run_dry, minmay_pentomino_z4, uniq_sigmund

Skill      XL: |  1  2  3 |
---------------+----------+-----
Fighting       | 4 |  4.2
Staves         | 3 |  3.9
Armour         | 4 |  4.2
Shields        | 5 |  5.1

Action                     |  1- 3 |  4- 6 || total
---------------------------+-------+-------++-------
  Melee: Quarterstaff      |    54 |    34 ||    88
 Armour: Scale mail        |    29 |    25 ||    54
  Dodge: Dodged            |    16 |    20 ||    36
  Block: Buckler           |    15 |    11 ||    26

Table legend: (Time is in decaauts)
 A = Elapsed time spent in this place.
 B = Non-inter-level travel time spent in this place.
 C = Inter-level travel time spent in this place.
 D = Time resting spent in this place.
 E = Time spent auto-exploring this place.
 F = Levels seen in this place.
 G = Mean time per level.
                   A        B        C        D        E       F      G
               +--------+--------+--------+--------+--------+-----+--------+
         Total |   1199 |   1177 |     22 |      0 |    894 |   2 |  599.5 |
       Dungeon |   1199 |   1177 |     22 |      0 |    894 |   2 |  599.5 |
               +--------+--------+--------+--------+--------+-----+--------+

Top non-repeatable levels by time:
     D:2: 610 daAuts
     D:1: 589 daAuts
